 Dungeon Crawl Stone Soup version 0.22.1-1-ga44c0e5 (webtiles) character file.

23100 teukkam the Fighter (level 12, -7/115 HPs)
             Began as a Minotaur Berserker on Nov 1, 2018.
             Was an Elder of Jiyva.
             Mangled by an ogre
             ... wielding a +0 giant spiked club
             ... created by the rage of Trog
              (19 damage)
             ... on level 9 of the Dungeon.
             The game lasted 01:20:42 (14400 turns).

teukkam the Fighter (Minotaur Berserker)           Turns: 14400, Time: 01:20:44

Health: -7/115     AC: 12    Str: 26 (27) XL:     12   Next: 68%
Magic:  18/19      EV: 11    Int:  5      God:    Jiyva [****..]
Gold:   678        SH:  0    Dex:  9      Spells: 10/11 levels left

rFire    + . .     SeeInvis .   a - +1 rapier "Gimounko" {pain, +Blink +Rage rPois Dex-2}
rCold    . . .     Gourm    .   (no shield)
rNeg     . . .     Faith    .   n - +2 ring mail {rF+}
rPois    +         Spirit   .   (helmet restricted)
rElec    .         Reflect  .   s - +0 cloak
rCorr    +         Harm     +   i - +0 pair of gloves
MR       .....                  I - +2 pair of boots
Stlth    +.........             p - amulet of harm
HPRegen  0.29/turn              (no ring)
MPRegen  0.16/turn              P - +2 ring of strength

@: about to teleport, slowed, very slow
A: retaliatory headbutt, horns 2
a: Request Jelly, Slimify, Renounce Religion, Evoke Blink, Evoke Berserk Rage


You were on level 9 of the Dungeon.
You worshipped Jiyva.
Jiyva was greatly pleased with you.
You were not hungry.

You visited 2 branches of the dungeon, and saw 15 of its levels.

You collected 678 gold pieces.

Inventory:

Hand Weapons
 a - the +1 rapier "Gimounko" (weapon) {pain, +Blink +Rage rPois Dex-2}
   (You found it on level 9 of the Dungeon)

   In the hands of one skilled in necromantic magic, it inflicts extra damage on
   living creatures.
   It affects your dexterity (-2).
   It protects you from poison.
   It lets you blink.
   It lets you go berserk.
 b - a +0 hunting sling of venom
 d - a +0 trident
 e - a +0 hand axe
 h - a +0 short sword of draining
 y - a +5 dagger
 K - the +3 halberd of Wounding {freeze, +Blink Dex+5}
   (Trog gifted it to you on level 8 of the Dungeon)

   It has been specially enchanted to freeze those struck by it, causing extra
   injury to most foes and up to half again as much damage against particularly
   susceptible opponents.
   It can also slow down cold-blooded creatures.
   It affects your dexterity (+5).
   It lets you blink.
 M - a +1 whip of freezing
 N - the +6 short sword "Wipt" {pierce, +Fly Stlth+}
   (You found it on level 8 of the Dungeon)

   It inflicts extra damage upon your enemies.
   It lets you fly.
   It makes you more stealthy.
Missiles
 f - 361 stones (quivered)
 j - 4 tomahawks
 q - 4 tomahawks of returning
 w - 87 bolts
 B - 89 sling bullets
 H - 239 arrows
Armour
 i - a +0 pair of gloves (worn)
 n - a +2 ring mail of fire resistance (worn)
 s - a +0 cloak (worn)
 I - a +2 pair of boots (worn)
Jewellery
 p - an amulet of harm (around neck)
 u - an uncursed ring of fire
 x - an uncursed ring of magical power
 O - an uncursed ring of stealth
 P - a +2 ring of strength (right hand)
 S - an uncursed ring of attention
Wands
 C - a wand of disintegration (16)
 G - a wand of digging (16)
 J - a wand of paralysis (24)
 L - a wand of flame (19)
 R - a wand of random effects (12)
Scrolls
 k - 4 scrolls of enchant armour {unknown}
 l - 19 scrolls of identify {unknown}
 m - 2 scrolls of magic mapping
 o - 4 scrolls of immolation
 r - a scroll of torment {unknown}
 D - 4 scrolls of remove curse
 E - 2 scrolls of amnesia
 Q - a scroll of blinking {unknown}
Potions
 g - a potion of haste
 t - 2 potions of agility
 v - a potion of cancellation
 z - 2 potions of ambrosia
 F - a potion of curing
Comestibles
 c - 25 rations


   Skills:
 - Level 13.4 Fighting
 + Level 2.2 Short Blades
 - Level 3.9(9.2) Axes
 - Level 6.7(7.2) Maces & Flails
 - Level 11.0(11.3) Polearms
 - Level 8.7 Slings
 - Level 2.4 Armour
 - Level 2.1 Dodging
 - Level 1.3 Stealth
 + Level 0.0 Necromancy
 + Level 11.0 Evocations


You had 10 spell levels left.
You knew the following spells:

 Your Spells              Type           Power        Failure   Level  Hunger
a - Animate Skeleton      Necr           N/A          61%         1    ##.....

Your spell library contained the following spells:

 Spells                   Type           Power        Failure   Level  Hunger
 Magic Dart               Conj           #...         61%         1    ##.....
 Pain                     Necr           #...         61%         1    ##.....
 Blink                    Tloc           N/A          75%         2    ###....
 Call Imp                 Summ           #.......     75%         2    ###....
 Slow                     Hex            #.......     75%         2    ###....
 Conjure Flame            Conj/Fire      #.......     93%         3    ####...
 Mephitic Cloud           Conj/Pois/Air  #.......     93%         3    ####...
 Regeneration             Chrm/Necr      #.........   93%         3    ####...
 Vampiric Draining        Necr           #.........   93%         3    ####...
 Animate Dead             Necr           N/A          100%        4    #####..


Dungeon Overview and Level Annotations

Branches:
Dungeon (9/15)             Temple (0/1) D:7            Lair (6/6) D:8
  Slime (0/5) Lair:6
  Swamp: Lair:2-4    Shoals: Lair:2-4     Snake: Lair:2-4    Spider: Lair:2-4
    Orc: D:9-12

Altars:
Gozag
Kikubaaqudgha
Makhleb
Okawaru
Qazlal
Trog
Uskayaw
Vehumet
Jiyva


Innate Abilities, Weirdness & Mutations

You reflexively headbutt those who attack you in melee.
You have a pair of horns on your head.


Message History

You hear an angry growl. x2; You hear a distant slurping noise.
Jiyva appreciates your sacrifice. Trog sends monsters to punish you.
The divine experience confuses you!
You are confused. 3 polar bears, a black bear and 2 ogres come into view.
You're too confused!
Throwing (i - inventory. (/) - cycle)
f - 361 stones (quivered)
Press: ? - help, Shift-Dir - straight line, f - ogre
Aim: an ogre, wielding a giant spiked club (berserk, fast, unusually strong,
Okay, then.
You feel better.
You blink.
You feel slightly more hungry.
As you read the scroll of teleportation, it crumbles to dust.
You feel strangely unstable. The ogre closely misses you.
The polar bear bites you!
* * * LOW HITPOINT WARNING * * *
The polar bear closely misses you.
The polar bear claws you but does no damage.
The ogre hits you with a giant spiked club!
You die...

.# .# .# .## ###
.. ..# ####.# #
#.# #...h#####.#
#.# #..@OO.....#
#.##
#####hh....#
###..#
.....h..).#
#.....
######....#
#hh... .. .....#
#.h.#. # .....%#
#.OO#. .######
#...#.
..#########...#.
#...(..ยง....#.


You could see 3 polar bears, a black bear (berserk) and 2 ogres.

Vanquished Creatures
  3 hydras
  3 two-headed ogres
  Pikel (D:7)
  4 elephants (Lair:4)
  2 black mambas
  Joseph (D:8)
  7 spiny frogs
  A rime drake (Lair:4)
  5 komodo dragons
  9 polar bears
  6 blink frogs (Lair:6)
  4 dream sheep (Lair:4)
  A bog body (Lair:2)
  2 hippogriffs
  Eustachio (D:5)
  2 wyverns
  29 yaks
  A fire elemental (Lair:6)
  2 basilisks
  8 porcupines
  A water moccasin (Lair:6)
  5 orc warriors
  A sky beast (D:6)
  12 black bears
  2 ice beasts
  A necrophage (D:8)
  5 ogres
  7 wolves
  11 crocodiles
  A big kobold (D:9)
  15 bullfrogs
  3 scorpions
  4 killer bees
  5 howler monkeys
  An electric eel (Lair:4)
  A bullfrog zombie (D:7)
  2 crimson imps
  2 quasits
  A jelly (D:6)
  5 orc priests
  A centaur skeleton (D:7)
  3 hounds
  8 orc wizards
  A bullfrog skeleton (D:8)
  4 iguanas
  6 worker ants
  2 killer bee zombies
  A hound zombie (D:7)
  A hound skeleton (D:8)
  Robin (D:2)
  A worker ant zombie (D:9)
  3 adders
  13 gnolls
  2 shadow imps
  2 oozes (D:1)
  An adder skeleton (D:7)
  4 dart slugs
  3 worms (D:3)
  5 leopard geckos
  33 orcs
  6 giant cockroaches
  20 goblins
  11 hobgoblins
  8 jackals
  11 quokkas
  A ball python (D:1)
  9 bats
  3 frilled lizards
  14 kobolds
  3 leopard gecko skeletons (D:4)
  2 quokka zombies (D:8)
  8 rats
368 creatures vanquished.

Vanquished Creatures (others)
  A spiny frog (Lair:3)
  A komodo dragon (Lair:4)
  A yak (Lair:2)
  A naga (Lair:2)
  24 jellies
  An electric eel (Lair:2)
  An iguana (Lair:6)
  An adder (D:9)
  47 fungi
  30 plants
108 creatures vanquished.

Grand Total: 476 creatures vanquished

Notes
Turn   | Place    | Note
-------+----------+-------------------------------------------
     0 | D:1      | teukkam the Minotaur Berserker began the quest for the Orb.
     0 | D:1      | Reached XP level 1. HP: 19/19 MP: 0/0
   109 | D:1      | Reached skill level 4 in Fighting
   109 | D:1      | Reached XP level 2. HP: 23/27 MP: 1/1
   124 | D:1      | Reached skill level 1 in Short Blades
   322 | D:1      | Reached XP level 3. HP: 25/34 MP: 2/2
   335 | D:1      | Reached ** piety under Trog
   996 | D:2      | Noticed Robin
  1000 | D:2      | Reached skill level 1 in Maces & Flails
  1035 | D:2      | Reached XP level 4. HP: 38/41 MP: 3/3
  1089 | D:2      | Reached skill level 5 in Fighting
  1160 | D:2      | Killed Robin
  1174 | D:2      | Reached *** piety under Trog
  1584 | D:4      | Reached XP level 5. HP: 46/49 MP: 4/4
  1662 | D:4      | Found a hide-covered altar of Uskayaw.
  1662 | D:4      | Noticed a hand axe
  1663 | D:4      | Noticed a hand axe
  1765 | D:4      | Reached skill level 1 in Slings
  1829 | D:4      | Reached skill level 6 in Fighting
  1833 | D:4      | Reached XP level 6. HP: 57/57 MP: 5/5
  2307 | D:5      | Entered Level 5 of the Dungeon
  2436 | D:5      | Noticed an ice beast
  2437 | D:5      | Noticed Eustachio
  2449 | D:5      | Killed Eustachio
  2449 | D:5      | Reached XP level 7. HP: 64/64 MP: 6/6
  2451 | D:5      | Reached skill level 7 in Fighting
  2451 | D:5      | Reached skill level 5 in Maces & Flails
  2577 | D:5      | Found a bloodstained altar of Trog.
  2609 | D:5      | Found a stormy altar of Qazlal.
  2842 | D:6      | Reached **** piety under Trog
  2923 | D:6      | Reached XP level 8. HP: 42/74 MP: 7/7
  2935 | D:6      | Received a gift from Trog
  3006 | D:6      | Reached skill level 8 in Fighting
  3006 | D:6      | Reached skill level 5 in Slings
  3738 | D:3      | Found a radiant altar of Vehumet.
  3738 | D:3      | Found an ancient bone altar of Kikubaaqudgha.
  4234 | D:6      | Reached skill level 1 in Polearms
  4585 | D:6      | Reached skill level 9 in Fighting
  4803 | D:7      | Reached ***** piety under Trog
  4859 | D:7      | Reached XP level 9. HP: 79/83 MP: 8/8
  5155 | D:7      | Found a staircase to the Ecumenical Temple.
  5158 | D:7      | Noticed Pikel
  5171 | D:7      | Killed Pikel
  5171 | D:7      | Reached skill level 5 in Polearms
  5207 | D:7      | Found an opulent altar of Gozag.
  5297 | D:7      | Reached skill level 10 in Fighting
  5859 | D:8      | Got a pitted short sword
  5860 | D:8      | Identified the +6 short sword "Wipt" {pierce, +Fly Stlth+}
                  | (You found it on level 8 of the Dungeon)
  5877 | D:8      | Received a gift from Trog
  5878 | D:8      | Got a polished halberd {god gift}
  5879 | D:8      | Identified the +3 halberd of Wounding {freeze, +Blink
                  | Dex+5} (Trog gifted it to you on level 8 of the Dungeon)
  5907 | D:8      | Reached skill level 1 in Evocations
  5968 | D:8      | Noticed Joseph
  5983 | D:8      | Killed Joseph
  5983 | D:8      | Reached XP level 10. HP: 56/94 MP: 10/10
  6054 | D:9      | HP: 4/94 [poisoned by a killer bee]
  6388 | D:8      | Reached skill level 11 in Fighting
  6411 | D:8      | Found a staircase to the Lair.
  6518 | D:8      | Reached skill level 1 in Stealth
  6580 | D:8      | Found a burning altar of Makhleb.
  7144 | D:8      | Found the +6 lightning scales {run, rElec}
  7215 | Lair:1   | Entered Level 1 of the Lair of Beasts
  7706 | Lair:4   | Noticed a black mamba
  7714 | Lair:4   | Killed a black mamba
  7890 | Lair:4   | Noticed an elephant
  7908 | Lair:4   | Killed an elephant
  7911 | Lair:4   | Noticed an elephant
  7916 | Lair:4   | Noticed an elephant
  7920 | Lair:4   | Killed an elephant
  7925 | Lair:4   | Noticed an elephant
  7931 | Lair:4   | Killed an elephant
  7931 | Lair:4   | Reached skill level 12 in Fighting
  7955 | Lair:4   | Killed an elephant
  7955 | Lair:4   | Reached XP level 11. HP: 59/104 MP: 13/13
  7960 | Lair:4   | Reached skill level 5 in Evocations
  8330 | Lair:5   | Found an iron altar of Okawaru.
  8434 | Lair:6   | Entered Level 6 of the Lair of Beasts
  8434 | Lair:6   | Noticed an eight-headed hydra
  8451 | Lair:6   | Reached skill level 10 in Polearms
  8721 | Lair:6   | Killed an eight-headed hydra
  8721 | Lair:6   | Reached skill level 13 in Fighting
  8991 | Lair:6   | Found a viscous altar of Jiyva.
  8991 | Lair:6   | Found a staircase to the Slime Pits.
  9137 | Lair:6   | Received a gift from Trog
  9441 | Lair:6   | Fell from the grace of Trog
  9441 | Lair:6   | Became a worshipper of Jiyva Jutyxt the Shapeless
  9522 | Lair:5   | Reached XP level 12. HP: 90/115 MP: 16/16
  9778 | Lair:4   | Noticed a six-headed hydra
 10172 | Lair:3   | Noticed a two-headed ogre
 10341 | Lair:4   | Reached * piety under Jiyva
 11138 | Lair:4   | Paralysed by Trog for 7 turns
 11712 | Lair:3   | Killed a two-headed ogre
 12010 | Lair:2   | Reached ** piety under Jiyva
 12543 | Lair:2   | Noticed a two-headed ogre
 12543 | Lair:2   | Noticed a two-headed ogre
 12683 | Lair:2   | Noticed a six-headed hydra
 12717 | Lair:2   | Reached *** piety under Jiyva
 12776 | Lair:2   | Killed a two-headed ogre
 12978 | Lair:4   | Killed a six-headed hydra
 12978 | Lair:4   | Reached skill level 10 in Evocations
 13878 | Lair:2   | Killed a six-headed hydra
 14113 | D:9      | Noticed a two-headed ogre
 14203 | D:9      | Killed a two-headed ogre
 14327 | D:9      | Got a crude rapier
 14328 | D:9      | Identified the +1 rapier "Gimounko" {pain, +Blink +Rage
                  | rPois Dex-2} (You found it on level 9 of the Dungeon)
 14331 | D:9      | Learned a level 1 spell: Animate Skeleton
 14363 | D:9      | Noticed a two-headed ogre
 14369 | D:9      | HP: 5/115 [two-headed ogre/giant spiked club[the rage of
                  | Trog] (12)]
 14384 | D:9      | Reached **** piety under Jiyva
 14400 | D:9      | Mangled by an ogre

Skill      XL: |  1  2  3  4  5  6  7  8  9 10 11 12 |
---------------+-------------------------------------+-----
Fighting       | 4 5 6 7 9 10 12 13 | 13.4
Short Blades   | 1 2 |  2.2
Maces & Flails | 1 2 3 4 5 6 |  6.7
Slings         | 2 3 4 6 8 |  8.7
Polearms       | 3 6 9 11 | 11.0
Evocations     | 1 4 7 11 | 11.0
Stealth        | 1 |  1.3
Axes           | |  3.9
Armour         | |  2.4
Dodging        | |  2.1

Action                   |  1- 3 |  4- 6 |  7- 9 | 10-12 || total
-------------------------+-------+-------+-------+-------++-------
Melee: Hand axe          |     9 |       |       |       ||     9
       Headbutt          |    14 |    17 |    38 |    66 ||   135
       Short sword       |    48 |       |     1 |       ||    49
       Whip              |    30 |    84 |   207 |    20 ||   341
       Halberd           |       |       |    18 |   289 ||   307
       Rapier            |       |       |       |     1 ||     1
 Fire: Hunting sling     |       |    31 |   144 |   215 ||   390
Throw: Stone             |     2 |       |     2 |     3 ||     7
Invok: Berserk           |       |     4 |     5 |     3 ||    12
       Request Jelly     |       |       |       |     1 ||     1
 Abil: Evoke Blink       |       |       |     1 |    27 ||    28
Evoke: Wand              |       |       |     1 |     7 ||     8
  Use: Scroll            |     1 |       |     1 |    15 ||    17
       Potion            |       |       |     4 |    14 ||    18
  Eat: Chunk             |       |     7 |    11 |     4 ||    22
       Ration            |       |       |     2 |     6 ||     8
Armor: Animal skin       |    14 |       |       |       ||    14
       Ring mail         |    11 |    37 |    62 |   142 ||   252
       Skin              |       |       |       |    74 ||    74
Dodge: Dodged            |    47 |    48 |    85 |   239 ||   419
